 Dungeon Crawl Stone Soup version 0.29-a0-872-g797fff5ad1 (webtiles) character file.

Game seed: 10161400182736666467

41 27snakeeyes612 the Magician (level 3, -3/19 HPs)
             Began as a Deep Elf Air Elementalist on July 18, 2022.
             Succumbed to a scorpion's poison
             ... on level 2 of the Dungeon.
             The game lasted 00:01:29 (1036 turns).

27snakeeyes612 the Magician (DEAE)                  Turns: 1036, Time: 00:01:29

Health: -3/19      AC:  2    Str:  5    XL:     3   Next: 32%
Magic:  0/10       EV: 13    Int: 21    God:
Gold:   55         SH:  0    Dex: 15    Spells: 8/9 levels left

rFire   + . .      SeeInvis .   d - +0 sling
rCold   x . .      Faith    .   (no shield)
rNeg    . . .      Spirit   .   a - +0 robe
rPois   .          Reflect  .   (no helmet)
rElec   .          Harm     .   (no cloak)
rCorr   .          Rampage  .   (no gloves)
Will    .....                   (no boots)
Stlth   ++........              (no amulet)
HPRegen 0.06/turn               g - ring of fire
MPRegen 0.12/turn               (no ring)

@: lethally poisoned (-3 -> -14)
A: no striking features
a: no special abilities


You were on level 2 of the Dungeon.
You visited 1 branch of the dungeon, and saw 2 of its levels.

You collected 55 gold pieces.

Inventory:

Hand Weapons
 d - a +0 sling (weapon)
Armour
 a - a +0 robe (worn)
 c - a +0 pair of boots
Jewellery
 g - a ring of fire (left hand)
Scrolls
 e - a scroll of fear {unknown}
 f - a scroll of teleportation {unknown}
 i - a scroll of amnesia {unknown}
Potions
 b - a potion of magic
 h - a potion of resistance {unknown}


   Skills:
 + Level 3.0 Dodging
 + Level 3.0 Stealth
 + Level 3.5 Spellcasting
 + Level 1.8 Conjurations
 + Level 3.3 Air Magic


You had 8 spell levels left.
You knew the following spells:

 Your Spells              Type           Power      Damage    Failure   Level
a - Shock                 Conj/Air       56%        1d6       4%          1

Your spell library contained the following spells:

 Spells                   Type           Power      Damage    Failure   Level
 Static Discharge         Conj/Air       14%        3-5/arc   7%          2
 Swiftness                Air            17%        N/A       10%         3
 Airstrike                Air            8%         0-4+      32%         4


Dungeon Overview and Level Annotations

Branches:
Dungeon (2/15)

Altars:


Message History

The scorpion closely misses you.
The zap misses the scorpion.
The scorpion closely misses you.
The zap hits the scorpion.
The scorpion is almost dead.
The scorpion closely misses you. The scorpion stings you.
You are poisoned.
The scorpion poisons you!
The zap misses the scorpion.
You feel sick.
The scorpion stings you but does no damage.
You don't have enough magic to cast this spell.
Unknown command.
The scorpion attacks as you move away! The scorpion barely misses you.
You feel sick.
You feel sick.
You feel sick.
You feel sick. The scorpion closely misses you.
Your magical contamination has completely faded away.
The scorpion attacks as you move away! The scorpion stings you.
* * * LOW HITPOINT WARNING * * *
You feel sick.
You feel sick.
You feel sick.
You are no longer poisoned.
Aiming: Shock (safe; 4% risk of failure)
Press: ? - help, Q - select action Shift-Dir - straight line, f/p - scorpion
Aim: a scorpion (severely wounded, 71% to hit)
The zap hits the scorpion.
The scorpion is almost dead.
The scorpion closely misses you.
d - a +0 sling (weapon)
The scorpion stings you.
* * * LOW HITPOINT WARNING * * *
You are lethally poisoned!
The scorpion poisons you!
Fire: d) +0 sling
Press: ? - help, Q - select action, (/) - cycle Shift-Dir - straight line, f/p - scorpion
Aim: a scorpion (almost dead, 54% to hit)
You shoot a sling bullet. The sling bullet hits the scorpion.
You kill the scorpion!
You die...

... .. ..#.. ..#. #
... .# ..##...
.......
###########.......
#..@......<.......
#.............##...#
....#.#######...# #
...... #...... . #.#
#..###.# #. #... ..
# ...## # ....


There were no monsters in sight!

Vanquished Creatures
  A scorpion (D:2)
  3 dart slugs (D:1)
  4 ball pythons (D:1)
  2 bats (D:1)
  4 endoplasms (D:1)
  A goblin (D:1)
  7 hobgoblins (D:1)
  2 kobolds (D:1)
  A quokka (D:1)
  4 frilled lizards (D:1)
  2 rats (D:1)
31 creatures vanquished.

Notes
Turn   | Place    | Note
-------+----------+-------------------------------------------
     0 | D:1      | 27snakeeyes612 the Deep Elf Air Elementalist began the
                  | quest for the Orb.
     0 | D:1      | Reached XP level 1. HP: 10/10 MP: 6/6
   296 | D:1      | Reached XP level 2. HP: 15/15 MP: 6/8
   548 | D:1      | Reached XP level 3. HP: 12/19 MP: 0/9
  1015 | D:2      | Noticed a scorpion
  1036 | D:2      | Killed a scorpion
  1036 | D:2      | Succumbed to a scorpion's poison

Illustrated notes

Levels and vault maps discovered:
D:1:      psy_arrival_wood_between_worlds, layout_rooms
D:2:      layout_basic, serial_shops, shop, uniq_natasha,
          uniq_crazy_yiuf_cottage

Skill      XL: |  1  2  3 |
---------------+----------+-----
Stealth        | 3 |  3.0
Dodging        | 3 |  3.0
Spellcasting   | |  3.5
Conjurations   | |  1.8
Air Magic      | |  3.3

Action                   || total
-------------------------++-------
Melee: Unarmed           ||     3
 Fire: Sling             ||     1
 Cast: Shock             ||    71
Armor: Robe              ||     4
Dodge: Dodged            ||    17

Table legend: (Time is in decaauts)
 A = Elapsed time spent in this place.
 B = Non-inter-level travel time spent in this place.
 C = Inter-level travel time spent in this place.
 D = Time resting spent in this place.
 E = Time spent auto-exploring this place.
 F = Levels seen in this place.
 G = Mean time per level.
                   A        B        C        D        E       F      G
               +--------+--------+--------+--------+--------+-----+--------+
         Total |   1034 |   1016 |     18 |      0 |    860 |   2 |  517.0 |
       Dungeon |   1034 |   1016 |     18 |      0 |    860 |   2 |  517.0 |
               +--------+--------+--------+--------+--------+-----+--------+

Top non-repeatable levels by time:
     D:1: 1014 daAuts
     D:2: 20 daAuts
